 Dungeon Crawl Stone Soup version 0.21-a0-153-g78480df (webtiles) character file.

1220 tilp the Arsonist (level 8, 0/85 HPs)
             Began as a Hill Orc Fire Elementalist on Aug 1, 2017.
             Was an Initiate of Okawaru.
             Killed from afar by Dowan (12 damage)
             ... with a stone arrow
             ... on level 5 of the Dungeon.
             The game lasted 00:23:53 (6120 turns).

tilp the Arsonist (Hill Orc Fire Elementalist)      Turns: 6120, Time: 00:23:54

Health: 0/85       AC: 24    Str: 14 (16) XL:     8   Next: 47%
Magic:  4/11       EV:  2    Int: 15 (17) God:    Okawaru [......]
Gold:   209        SH:  0    Dex: 14 (16) Spells: 1/11 levels left

rFire    . . .     SeeInvis .   h - -2 club (curse)
rCold    . . .     Gourm    .   (no shield)
rNeg     + + +     Faith    .   (armour currently unavailable)
rPois    +         Spirit   .   (helmet currently unavailable)
rElec    .         Reflect  .   (cloak currently unavailable)
rCorr    .         Harm     .   (gloves currently unavailable)
MR       .....     NoTele   +   (boots currently unavailable)
Stlth    +++.......             (no amulet)
HPRegen  0.24/turn              t - ring of teleportation (curse)
MPRegen  0.12/turn              l - +2 ring of evasion

@: mighty, agile, tree-form, berserk cooldown, slowed, drained, very slow
A: no striking features
a: Renounce Religion


You were on level 5 of the Dungeon.
You worshipped Okawaru.
Okawaru was noncommittal.
You were hungry.
You were a tree.
You visited 1 branch of the dungeon, and saw 5 of its levels.

You collected 209 gold pieces.

Inventory:

Hand Weapons
 f - a +1 mace of crushing
 h - a cursed -2 club (weapon)
 i - a +0 club
 p - a +0 hand axe
 r - a +0 dagger
 s - a +0 short sword
 A - a +2 dagger of draining
 B - a +2 short sword of electrocution
Missiles
 d - 163 stones
 y - 5 javelins of returning (quivered)
Armour
 j - a +1 leather armour (melded)
Magical Staves
 v - an uncursed staff of air {unknown}
Jewellery
 a - an uncursed ring of flight
 l - a +2 ring of evasion (right branch)
 t - a cursed ring of teleportation (left branch)
Potions
 c - a potion of invisibility
 g - 3 potions of flight
 o - a potion of might
 z - a potion of curing
Books
 b - a book of Flames

   Spells                             Type                      Level
   a - Flame Tongue                   Conjuration/Fire             1
   b - Throw Flame                    Conjuration/Fire             2
   c - Conjure Flame                  Conjuration/Fire             3
   d - Inner Flame                    Hexes/Fire                   3
   e - Sticky Flame                   Conjuration/Fire             4
   f - Fireball                       Conjuration/Fire             5
Comestibles
 m - 2 fruits
 n - 4 meat rations
 u - 3 bread rations


   Skills:
 - Level 1.5(0.8) Dodging
 - Level 1.5(0.8) Stealth
 - Level 2.1(1.4) Spellcasting
 + Level 6.9(6.0) Conjurations
 * Level 8.2(7.3) Fire Magic


You had one spell level left.
You knew the following spells:

 Your Spells              Type           Power        Failure   Level  Hunger
a - Flame Tongue          Conj/Fire      ###..        1%          1    ##.....
b - Throw Flame           Conj/Fire      ###...       2%          2    ###....
c - Conjure Flame         Conj/Fire      ###.....     4%          3    ####...
d - Sticky Flame          Conj/Fire      ###.....     14%         4    #####..


Dungeon Overview and Level Annotations

Branches:
Dungeon (5/15)
 Temple: D:4-7

Altars:
Elyvilon
Makhleb
Okawaru
Wu Jian

Annotations:
D:3 Grinder
D:4 1 runed door, Crazy Yiuf
D:5 1 exclusion, Dowan, Eustachio


Message History

Reactivating autopickup.
The crimson imp blinks!
Dowan gestures wildly while chanting.
Dowan blinks!
It was a potion of degeneration.
There was something very wrong with that liquid.
You feel weakened.
You feel dopey.
You feel clumsy.
Dowan gestures wildly while chanting.
Dowan blinks!
You can't unwield your weapon to draw a new one!
It was a potion of agility.
You feel agile all of a sudden. The crimson imp puffs mist at you.
Dowan says, "How can I live without her?"
You feel very mighty all of a sudden.
Dowan says, "Her death will not be in vain!"
Dowan hits you but does no damage. x2
Dowan gestures at you while chanting.
Helpless, you fail to dodge the stone arrow.
You die...

#.# ..#
#......§§#
#<###..
##.......#
#...#.#
.........#≈
###.#.#
########.#≈
##...# ..#≈
#....## #..##
#.#...# ....
#.##..#
#♣##..## # #
#e##...#.#..
#.
#5##.#....#
#.##......##.
#..#..#.###
#........#
#........#
#........##
######....#


You could see Dowan and a crimson imp.

Vanquished Creatures
  The ghost of tsouns the Ruffian, an amateur TrEn (D:3)
  Duvessa (D:5)
  4 ogres
  A bullfrog zombie (D:5)
  2 hounds (D:4)
  3 orc wizards (D:4)
  5 worker ants (D:4)
  Natasha (thrice) (D:3)
  3 iguanas (D:4)
  A hound skeleton (D:4)
  6 adders
  2 oozes (D:3)
  An adder skeleton (D:4)
  An adder zombie (D:1)
  A worm (D:4)
  4 dart slugs
  2 leopard geckos
  2 orcs (D:4)
  A ball python (D:1)
  A giant cockroach (D:4)
  11 goblins
  10 hobgoblins
  4 jackals (D:1)
  5 quokkas
  12 bats
  2 frilled lizards
  A jackal skeleton (D:4)
  7 kobolds
  A leopard gecko zombie (D:1)
  28 rats
126 creatures vanquished.

Vanquished Creatures (others)
  A quokka (D:3)
1 creature vanquished.

Grand Total: 127 creatures vanquished

Notes
Turn   | Place    | Note
-------+----------+-------------------------------------------
     0 | D:1      | tilp the Hill Orc Fire Elementalist began the quest for the Orb.
     0 | D:1      | Reached XP level 1. HP: 14/14 MP: 3/3
   126 | D:1      | Reached XP level 2. HP: 20/20 MP: 3/5
   498 | D:1      | Reached XP level 3. HP: 16/26 MP: 0/6
   921 | D:2      | Learned a level 2 spell: Throw Flame
   925 | D:2      | Learned a level 3 spell: Conjure Flame
  1375 | D:2      | Reached XP level 4. HP: 33/33 MP: 5/7
  1760 | D:2      | Found an ornate altar of the Wu Jian Council.
  2247 | D:3      | Noticed Grinder
  2269 | D:3      | Found a white marble altar of Elyvilon.
  2376 | D:3      | Noticed Natasha
  2382 | D:3      | Killed Natasha
  2382 | D:3      | Reached skill level 4 in Fire Magic
  2382 | D:3      | Reached XP level 5. HP: 35/38 MP: 2/8
  2392 | D:3      | Noticed Natasha
  2394 | D:3      | Found a faded altar of an unknown god.
  2404 | D:3      | Killed Natasha
  2415 | D:3      | Noticed an ogre
  2799 | D:3      | Noticed an ogre
  2823 | D:3      | Noticed Natasha
  2835 | D:3      | Killed Natasha
  3333 | D:3      | Killed an ogre
  3333 | D:3      | Reached skill level 5 in Fire Magic
  3333 | D:3      | Reached XP level 6. HP: 23/45 MP: 0/9
  3334 | D:3      | Noticed tsouns's ghost (amateur TrEn)
  3599 | D:3      | Killed tsouns's ghost
  3599 | D:3      | Reached skill level 5 in Conjurations
  3599 | D:3      | Reached XP level 7. HP: 20/50 MP: 0/10
  4063 | D:4      | Reached skill level 6 in Fire Magic
  4501 | D:4      | Found a runed door.
  4502 | D:4      | Noticed Crazy Yiuf
  4895 | D:4      | Reached XP level 8. HP: 50/57 MP: 1/11
  4904 | D:4      | Learned a level 4 spell: Sticky Flame
  4986 | D:4      | Found an iron altar of Okawaru.
  4995 | D:4      | Became a worshipper of Warmaster Okawaru
  4999 | D:4      | Reached skill level 7 in Fire Magic
  5060 | D:4      | Found a burning altar of Makhleb.
  5445 | D:5      | Entered Level 5 of the Dungeon
  5445 | D:5      | Noticed Eustachio
  5447 | D:5      | Noticed Duvessa
  6076 | D:5      | Noticed Dowan
  6108 | D:5      | Killed Duvessa
  6108 | D:5      | Reached skill level 8 in Fire Magic
  6111 | D:5      | HP: 6/127 [poisoned by Dowan]
  6120 | D:5      | Killed from afar by Dowan

Vault maps used:
D:1:      saegor_arrival_fortress, minmay_octomino_e4
D:2:      old_standard_altar, minmay_rat_hole
D:3:      elyvilon_altar_4, chequers_ecumenical_altar_simple_redux, first_bread,
          uniq_natasha, uniq_grinder
D:4:      nicolae_overflow_crystal_walls, overflow_temple_1_default,
          uniq_crazy_yiuf_cottage
D:5:      lemuel_temple_firewalk_b, minivault_14, minivault_4,
          roderic_greek_sauvastika, grunt_decor_resistance,
          mrwooster_statue_mirror, corner_web_ring, uniq_duvessa, uniq_eustachio

Skill      XL: |  1  2  3  4  5  6  7  8 |
---------------+-------------------------+-----
Spellcasting   | 2 |  2.1
Conjurations   | 2 3 4 5 6 |  6.9
Fire Magic     | 4 5 6 8 |  8.2
Dodging        | |  1.5
Stealth        | |  1.5

Action                   |  1- 3 |  4- 6 |  7- 9 || total
-------------------------+-------+-------+-------++-------
Melee: Unarmed           |     7 |       |       ||     7
       Club              |    41 |   119 |    61 ||   221
Throw: Stone             |    31 |       |     5 ||    36
       Javelin           |     9 |    15 |    26 ||    50
 Cast: Flame Tongue      |    37 |    94 |   113 ||   244
       Conjure Flame     |       |     2 |     5 ||     7
  Use: Scroll            |       |     4 |     3 ||     7
       Potion            |       |       |     7 ||     7
 Stab: Sleeping          |     1 |       |       ||     1
  Eat: Bread ration      |     1 |       |       ||     1
       Chunk             |       |     7 |     5 ||    12
       Royal jelly       |       |       |     2 ||     2
Armor: Leather armour    |    13 |    42 |    23 ||    78
       Skin              |       |       |    50 ||    50
Dodge: Dodged            |    51 |   148 |   110 ||   309
